 Dungeon Crawl Stone Soup version 0.22-a0-877-g5c4e1af (webtiles) character file.

133 Hernon the Chiller (level 5, -2/35 HPs)
             Began as a Merfolk Ice Elementalist on July 29, 2018.
             Slain by a bullfrog skeleton (4 damage)
             ... on level 4 of the Dungeon.
             The game lasted 00:08:18 (3680 turns).

Hernon the Chiller (Merfolk Ice Elementalist)       Turns: 3680, Time: 00:08:19

Health: -2/35      AC:  2    Str:  9    XL:     5   Next: 16%
Magic:  8/8        EV: 13    Int: 15    God:
Gold:   94         SH:  0    Dex: 14    Spells: 5/8 levels left

rFire    . . .     SeeInvis .   b - +0 dagger
rCold    . . .     Gourm    .   (no shield)
rNeg     . . .     Faith    .   a - +0 robe
rPois    .         Spirit   .   (no helmet)
rElec    .         Reflect  .   (no cloak)
rCorr    .         Harm     .   (no gloves)
MR       .....                  (no boots)
Stlth    ++........             (no amulet)
HPRegen  0.11/turn              (no ring)
MPRegen  0.11/turn              (no ring)

@: no status effects
A: change form in water, swift swim, stealthy swim
a: no special abilities


You were on level 4 of the Dungeon.
You were not hungry.

You visited 1 branch of the dungeon, and saw 4 of its levels.

You collected 94 gold pieces.

Inventory:

Hand Weapons
 b - a +0 dagger (weapon)
Missiles
 g - 35 stones (quivered)
Armour
 a - a +0 robe (worn)
Jewellery
 f - a cursed amulet of inaccuracy {unknown}
Scrolls
 d - 3 scrolls of enchant weapon
 e - 3 scrolls of identify
 i - a scroll of fog
 j - a scroll of immolation
Potions
 h - a potion of mutation
Comestibles
 c - a ration


   Skills:
 - Level 2.8 Dodging
 - Level 2.3 Stealth
 - Level 2.3 Spellcasting
 - Level 1.6 Conjurations
 + Level 5.6 Ice Magic


You had 5 spell levels left.
You knew the following spells:

 Your Spells              Type           Power        Failure   Level  Hunger
a - Freeze                Ice            ###.         2%          1    #......
b - Throw Frost           Conj/Ice       ##....       8%          2    ###....

Your spell library contained the following spells:

 Spells                   Type           Power        Failure   Level  Hunger
 Summon Ice Beast         Ice/Summ       ##......     56%         4    #####..
 Ozocubu's Armour         Chrm/Ice       ##......     21%         3    ###....
 Throw Icicle             Conj/Ice       ##......     43%         4    #####..


Dungeon Overview and Level Annotations

Branches:
Dungeon (4/15)
 Temple: D:4-7

Altars:
Dithmenos
Hepliaklqana
Qazlal
Trog

Annotations:
D:2 Natasha, Robin


Message History

Aim: a bullfrog skeleton (almost destroyed)
You throw a stone.
The stone hits the bullfrog skeleton but does no damage.
The bullfrog skeleton is almost destroyed.
The bullfrog skeleton completely misses you.
Throwing (i - inventory)
g - 37 stones (quivered)
Press: ? - help, Shift-Dir - straight line, f/p - bullfrog skeleton
Aim: a bullfrog skeleton (almost destroyed)
You throw a stone. The stone hits the bullfrog skeleton.
The bullfrog skeleton is almost destroyed.
The bullfrog skeleton hits you.
* * * LOW HITPOINT WARNING * * *
The bullfrog skeleton closely misses you.
Throwing (i - inventory)
g - 36 stones (quivered)
Press: ? - help, Shift-Dir - straight line, f/p - bullfrog skeleton
Aim: a bullfrog skeleton (almost destroyed)
You throw a stone.
The stone barely misses the bullfrog skeleton.
The bullfrog skeleton hits you.
You die...

#.# (.#### .#
#(.... .# #.##.#
.### #.##.. ...
#(##.####.#
#(##.##...###...
#Z##.##.........
#.@......#
####.....#
####..####.#
#.......#
#.<####.#
#รท........
##.######. #.#
#.#


You could see a bullfrog skeleton.

Vanquished Creatures
  A scorpion (D:4)
  A worker ant (D:4)
  An adder (D:3)
  A worm (D:3)
  A dart slug (D:2)
  5 giant cockroaches
  3 hobgoblins
  4 jackals (D:1)
  4 kobolds
  2 quokkas
  2 ball pythons
  3 bats
  6 frilled lizards
  7 goblins
  2 rats
43 creatures vanquished.

Notes
Turn   | Place    | Note
-------+----------+-------------------------------------------
     0 | D:1      | Hernon the Merfolk Ice Elementalist began the quest for the Orb.
     0 | D:1      | Reached XP level 1. HP: 13/13 MP: 3/3
   215 | D:1      | Reached XP level 2. HP: 15/19 MP: 3/5
   836 | D:1      | Reached skill level 4 in Ice Magic
   852 | D:1      | Learned a level 2 spell: Throw Frost
  1262 | D:1      | Reached skill level 1 in Conjurations
  1285 | D:1      | Reached XP level 3. HP: 22/24 MP: 4/6
  1498 | D:2      | Found a bloodstained altar of Trog.
  1499 | D:2      | Found a shadowy altar of Dithmenos.
  1500 | D:2      | Found a stormy altar of Qazlal.
  2008 | D:2      | Noticed Robin
  2049 | D:2      | Noticed Natasha
  2871 | D:3      | Found a hazy altar of Hepliaklqana.
  3208 | D:4      | Reached XP level 4. HP: 20/30 MP: 7/7
  3542 | D:4      | Reached skill level 5 in Ice Magic
  3542 | D:4      | Reached XP level 5. HP: 22/35 MP: 5/8
  3680 | D:4      | Slain by a bullfrog skeleton

Vault maps used:
D:1:      dpeg_arrival_arbitrary_c
D:2:      grunt_temple_overflow_open, uniq_natasha, uniq_robin
D:3:      nicolae_overflow_hidden_temple, first_ration, saegor_snake_ambush,
          uniq_grinder
D:4:      guppyfry_early_lair_pool, uniq_sigmund

Skill      XL: |  1  2  3  4 |
---------------+-------------+-----
Ice Magic      | 4 5 |  5.6
Conjurations   | 1 |  1.6
Dodging        | |  2.8
Stealth        | |  2.3
Spellcasting   | |  2.3

Action                   |  1- 3 |  4- 6 || total
-------------------------+-------+-------++-------
Melee: Dagger            |   146 |    15 ||   161
Throw: Stone             |     2 |     4 ||     6
       Tomahawk          |       |     4 ||     4
 Cast: Freeze            |    34 |     3 ||    37
       Throw Frost       |     4 |     4 ||     8
  Use: Scroll            |     6 |       ||     6
       Potion            |     1 |     1 ||     2
 Stab: Sleeping          |     5 |       ||     5
  Eat: Chunk             |     3 |       ||     3
       Ration            |     2 |       ||     2
Armor: Robe              |    40 |     3 ||    43
Dodge: Dodged            |   120 |    11 ||   131

Table legend:
 A = Spawn XP
 B = Non-spawn XP
 C = Spawn XP percentage of total XP
 D = Spawn monster count
 E = Non-spawn monster count
 F = Spawn count percentage of total count
 G = Total turns spent on level
                    A         B        C        D         E        F      G
               +---------+---------+-------+---------+---------+-------+---------
         Total |       0 |     190 |   0.0 |       0 |      43 |   0.0 |  3680
               +---------+---------+-------+---------+---------+-------+---------
           D:1 |       0 |      38 |   0.0 |       0 |      23 |   0.0 |  1498
           D:2 |       0 |      14 |   0.0 |       0 |       8 |   0.0 |   865
           D:3 |       0 |      28 |   0.0 |       0 |       9 |   0.0 |   830
           D:4 |       0 |     110 |   0.0 |       0 |       3 |   0.0 |   487
               +---------+---------+-------+---------+---------+-------+---------
